 Dungeon Crawl Stone Soup version 0.31-a0-40-g1d5085d191 (webtiles) character file.

Game seed: 11230260113842675931

1055 ders the Digger (level 8, 0/41 HPs)
             Began as a Gargoyle Earth Elementalist on May 17, 2023.
             Killed by nerve-wracking pain
             ... invoked by an orc priest
              (2 damage)
             ... on level 5 of the Dungeon.
             The game lasted 00:06:56 (3470 turns).

ders the Digger (Gargoyle Earth Elementalist)       Turns: 3470, Time: 00:06:56

Health: 0/41       AC:  9    Str: 12    XL:     8   Next: 26%
Magic:  14/15      EV: 11    Int: 18    God:
Gold:   276        SH:  0    Dex: 10    Spells: 13/17 levels left

rFire   . . .        v - staff of conjuration
rCold   . . .        (no shield)
rNeg    + . .        a - +0 robe
rPois   ∞            (no helmet)
rElec   +            (no cloak)
rCorr   .            C - +0 pair of gloves
SInv    .            e - +0 pair of boots
Will    .....        m - amulet of magic regeneration
Stlth   ++           (no ring)
HPRegen 0.26/turn    (no ring)
MPRegen 0.54/turn

%: no passive effects
@: on berserk cooldown, slowed, very slow
A: sickness immunity, AC +5, negative energy resistance 1, electricity
resistance, torment resistance 1, petrification resistance
a: no special abilities


You were on level 5 of the Dungeon.
You visited 1 branch of the dungeon, and saw 5 of its levels.
You also visited: Ossuary.

You collected 276 gold pieces.

Inventory:

Hand Weapons
 k - a +0 dagger
 n - a +0 sling
Armour
 a - a +0 robe (worn)
 e - a +0 pair of boots (worn)
 C - a +0 pair of gloves (worn)
 D - a scarf of invisibility
Magical Staves
 v - a staff of conjuration (weapon)
Jewellery
 f - an amulet of faith
 m - an amulet of magic regeneration (around neck)
 w - a ring of resist corrosion
Scrolls
 d - 2 scrolls of vulnerability {unknown}
 h - a scroll of noise {unknown}
 i - 3 scrolls of fear
 j - 13 scrolls of identify {unknown}
 l - 2 scrolls of amnesia {unknown}
 p - a scroll of fog {unknown}
 s - 3 scrolls of magic mapping {unknown}
 t - 2 scrolls of enchant weapon {unknown}
 x - 3 scrolls of teleportation {unknown}
 y - a scroll of poison {unknown}
 A - a scroll of blinking {unknown}
Potions
 b - a potion of magic
 c - a potion of resistance {unknown}
 g - 2 potions of cancellation {unknown}
 o - a potion of heal wounds {unknown}
 r - 4 potions of curing {unknown}
 u - a potion of mutation {unknown}
 z - 3 potions of degeneration {unknown}
 B - a potion of attraction {unknown}


   Skills:
 - Level 1.5 Dodging
 - Level 2.1 Stealth
 + Level 5.1 Spellcasting
 * Level 6.0 Conjurations
 - Level 0.7 Transmutations
 + Level 7.3 Earth Magic


You had 13 spell levels left.
You knew the following spells:

 Your Spells              Type           Power      Damage    Failure   Level
a - Sandblast             Erth           62%        2d14      1%          1
b - Stone Arrow           Conj/Erth      86%        3d12      2%          3

Your spell library contained the following spells:

 Spells                   Type           Power      Damage    Failure   Level
 Kiss of Death            Conj/Necr      92%        2d12      3%          1
 Passwall                 Tmut/Erth      15%        N/A       3%          2
 Petrify                  Tmut/Erth      19%        N/A       26%         4
 Confusing Touch          Hex            4%         N/A       36%         3
 Dispel Undead            Necr           4%         3d7       78%         4


Dungeon Overview and Level Annotations

Branches:
Dungeon (5/15)            Ossuary (visited)
 Temple: D:4-7

Altars:
Makhleb


Innate Abilities, Weirdness & Mutations

You are immune to sickness and miasma.
Your stone body is resilient. (AC +5)
You are immune to poison.
You resist negative energy. (rN+)
You are resistant to electric shocks. (rElec)
You are resistant to unholy torment.
You are immune to petrification.


Message History

Casting: Stone Arrow (dangerous; 2% risk of failure)
Confirm with . or Enter, or press ? or * to list all spells.
Aiming: Stone Arrow (dangerous; 2% risk of failure)
Press: ? - help, Shift-Dir - straight line, f/p - orc priest
Aim: an orc priest, wielding a +0 club (almost dead, fleeing, 76% to hit)
You feel a surge of power!
The stone arrow misses the orc priest.
The orc shouts!
You hear a shout!
The orc priest mumbles some strange prayers to Beogh against you.
Pain shoots through your body!
Unknown command.
The orc priest tries to recover its lost courage.
The orc priest calls down the wrath of Beogh upon you.
Beogh smites you!
* * * LOW HITPOINT WARNING * * *
A red film seems to cover your vision as you go berserk!
You feel yourself moving faster!
You feel mighty!
You feel a strong urge to attack something.
You feel your anger nearly subside.
You are no longer berserk.
You are exhausted.
You feel yourself slow down.
Your magical contamination has completely faded away.
An orc is nearby!
The orc priest invokes the aid of Beogh against you.
Beogh smites you!
* * * LOW HITPOINT WARNING * * *
You hear a shout!
You see here a +0 short sword.
Casting: Stone Arrow (dangerous; 2% risk of failure)
Confirm with . or Enter, or press ? or * to list all spells.
Aiming: Stone Arrow (dangerous; 2% risk of failure)
Press: ? - help, Shift-Dir - straight line, f - orc
Aim: an orc, wielding a +0 dagger and wearing a +0 leather armour (76% to hit)
You feel a surge of power!
The stone arrow hits the orc!!
You kill the orc!
An orc comes into view. It is wielding a +0 mace.
Unknown command.
The orc priest invokes the aid of Beogh against you.
Pain shoots through your body!
You die...

#.....##........
####.###.##........
.....###.#.....#.##
#.....#....####.#
#####.###....>.# #..#
..............o###.##
#####.#.).o#.#...o.###
#.......#....##.......
####.@.####...o#.##...
#.#..# #..#........
#.##..†..###.......
##.# ####.. ....#...
###..# ..###.......
###########...##
..####..##...
#.........#.###
#.###....# ##.
#.........#.#
#.##..#... .
#...........#
##.##..####


You could see an orc priest.

Vanquished Creatures
  7 scorpions
  2 hounds (D:5)
  4 centaur zombies (Ossuary)
  A human zombie (Ossuary)
  A jelly (D:4)
  Jessica (D:2)
  An iguana (D:5)
  5 scorpion zombies (Ossuary)
  An orc wizard (D:4)
  3 mummies (Ossuary)
  5 adders
  A gnoll (D:1)
  3 worms
  3 dart slugs
  5 orcs
  5 ball pythons
  An endoplasm (D:4)
  7 giant cockroaches
  4 gnoll zombies (Ossuary)
  11 goblins
  6 hobgoblins
  3 quokkas
  A bat (D:1)
  A frilled lizard (D:1)
  3 goblin zombies
  A hobgoblin zombie (Ossuary)
  7 kobolds
  2 kobold zombies
  2 orc zombies
  9 rats
106 creatures vanquished.

Notes
Turn   | Place    | Note
-------+----------+-------------------------------------------
     0 | D:1      | ders the Gargoyle Earth Elementalist began the quest for
                  | the Orb.
     0 | D:1      | Reached XP level 1. HP: 10/10 MP: 3/3
   200 | D:1      | Reached XP level 2. HP: 15/15 MP: 3/5
   228 | D:1      | Reached skill level 4 in Earth Magic
   369 | D:1      | Found a faded altar of an unknown god.
   682 | D:1      | Reached XP level 3. HP: 19/19 MP: 4/6
  1084 | D:2      | Reached XP level 4. HP: 24/24 MP: 6/8
  1323 | D:2      | Noticed Jessica
  1328 | D:2      | Killed Jessica
  1329 | D:2      | Reached skill level 5 in Earth Magic
  1503 | D:3      | Reached XP level 5. HP: 28/28 MP: 10/10
  1872 | D:3      | Learned a level 3 spell: Stone Arrow
  2332 | D:4      | Reached skill level 1 in Conjurations
  2415 | D:4      | Found a sand-covered staircase.
  2430 | Ossuary  | Entered an ossuary
  2472 | Ossuary  | Reached XP level 6. HP: 27/32 MP: 6/12
  2509 | Ossuary  | Reached skill level 6 in Earth Magic
  2577 | Ossuary  | Reached XP level 7. HP: 20/36 MP: 6/13
  2863 | Ossuary  | Reached skill level 5 in Conjurations
  3259 | D:4      | Found a burning altar of Makhleb.
  3286 | D:5      | Entered Level 5 of the Dungeon
  3326 | D:5      | Reached skill level 7 in Earth Magic
  3336 | D:5      | Reached XP level 8. HP: 41/41 MP: 13/15
  3400 | D:5      | Reached skill level 5 in Spellcasting
  3466 | D:5      | HP: 1/41 [orc priest/divine providence (10)]
  3470 | D:5      | Killed from afar by an orc priest

Illustrated notes

Levels and vault maps discovered:
D:1:      dpeg_arrival_shelter, layout_basic, chequers_ecumenical_altar_island,
          nicolae_eternal_life
D:2:      layout_rooms, minmay_circle_x, uniq_jessica
D:3:      layout_loops_ring
D:4:      layout_rooms, general_overflow_altar, serial_glass, glass_columns_c,
          glass_columns_b, feat_on_display, item_on_display_b, feat_on_display,
          enter_ossuary_3, minmay_misc_feat_x
D:5:      layout_rooms, glass_columns_b

Skill      XL: |  1  2  3  4  5  6  7  8 |
---------------+-------------------------+-----
Earth Magic    | 4 5 6 7 |  7.3
Spellcasting   | 3 4 5 |  5.1
Conjurations   | 2 3 5 6 |  6.0
Dodging        | |  1.5
Stealth        | |  2.1
Transmutations | |  0.7

Action                     |  1- 3 |  4- 6 |  7- 9 || total
---------------------------+-------+-------+-------++-------
  Melee: Unarmed           |     8 |       |       ||     8
         Dagger            |     3 |       |       ||     3
         Sling             |       |     2 |       ||     2
         Staff             |       |     4 |     1 ||     5
   Fire: Sling             |       |    33 |       ||    33
   Cast: Sandblast         |    42 |    78 |    56 ||   176
         Stone Arrow       |       |     4 |    14 ||    18
    Use: Potion            |       |     1 |     1 ||     2
         Scroll            |       |       |     1 ||     1
 Armour: Robe              |    10 |    42 |    26 ||    78
  Dodge: Dodged            |    15 |    51 |    28 ||    94

Table legend: (Time is in decaauts)
 A = Elapsed time spent in this place.
 B = Non-inter-level travel time spent in this place.
 C = Inter-level travel time spent in this place.
 D = Time resting spent in this place.
 E = Time spent auto-exploring this place.
 F = Levels seen in this place.
 G = Mean time per level.
                   A        B        C        D        E       F      G
               +--------+--------+--------+--------+--------+-----+--------+
         Total |   3592 |   3477 |    115 |    417 |   2296 |   6 |  598.7 |
       Dungeon |   3056 |   2941 |    115 |    293 |   2086 |   5 |  611.2 |
       Ossuary |    536 |    536 |      0 |    124 |    210 |   1 |  536.0 |
               +--------+--------+--------+--------+--------+-----+--------+

Top non-repeatable levels by time:
     D:1: 873 daAuts
     D:3: 840 daAuts
     D:2: 607 daAuts
     D:4: 556 daAuts
 Ossuary: 536 daAuts
     D:5: 177 daAuts
